 Dungeon Crawl Stone Soup version 0.31-a0-202-g547052bce9 (webtiles) character file.

Game seed: 12873359562333038988

508 qw the Skirmisher (level 6, -16/36 HPs)
             Began as a Deep Elf Hunter on June 26, 2023.
             Demolished by an ogre
             ... wielding a +0 giant spiked club
              (29 damage)
             ... on level 5 of the Dungeon.
             The game lasted 00:01:19 (2958 turns).

qw the Skirmisher (Deep Elf Hunter)                 Turns: 2958, Time: 00:01:20

Health: -16/36     AC:  8    Str: 10    XL:     6   Next: 98%
Magic:  8/8        EV: 16    Int: 14    God:
Gold:   216        SH:  5    Dex: 18    Spells: 5/5 levels left

rFire   . . .        Y - +1 shortbow
rCold   . . .        (shield currently unavailable)
rNeg    . . .        b - +3 ring mail
rPois   +            (no helmet)
rElec   .            (no cloak)
rCorr   .            (no gloves)
SInv    .            (no boots)
Will    .....        k - amulet of reflection
Stlth   +            h - +5 ring of evasion
HPRegen 0.26/turn    n - ring of poison resistance
MPRegen 0.11/turn

%: reflection
@: no status effects
A: no striking features
a: no special abilities


You were on level 5 of the Dungeon.
You visited 1 branch of the dungeon, and saw 5 of its levels.

You collected 216 gold pieces.


   Skills:
 - Level 2.5 Fighting
 + Level 10.1 Ranged Weapons
 - Level 3.4 Dodging
 - Level 1.2 Stealth


You had 5 spell levels left.
You didn't know any spells.
Your spell library was empty.

Inventory:

Hand Weapons
 Y - a +1 shortbow (weapon)
Armour
 b - a +3 ring mail (worn)
Jewellery
 h - a +5 ring of evasion (left hand)
 k - an amulet of reflection (around neck)
 n - a ring of poison resistance (right hand)
Scrolls
 f - a scroll of identify
 g - 3 scrolls of teleportation
Potions
 a - 2 potions of lignification {unknown}
 d - a potion of cancellation {unknown}
 e - a potion of brilliance {unknown}
 i - a potion of heal wounds {unknown}
 j - a potion of resistance {unknown}
 l - a potion of curing

Dungeon Overview and Level Annotations

Branches:
Dungeon (5/15)
 Temple: D:4-7

Altars:


Message History

You now have 216 gold pieces (gained 16).
An ogre comes into view. It is wielding a +0 giant spiked club.
The ogre shouts!
A hound comes into view.
The ogre moves out of view.
Enter note: You shoot an arrow.
The arrow closely misses the hound.
You shoot an arrow.
The arrow hits the hound but does no damage.
You shoot an arrow. The arrow closely misses the hound.
You shoot an arrow. The arrow hits the hound.
The hound is moderately wounded.
You shoot an arrow. The arrow closely misses the hound.
The hound bites you but does no damage. The hound bites you.
You shoot an arrow. The arrow hits the hound.
The hound is heavily wounded.
You block the hound's attack. The hound barely misses you.
You shoot an arrow. The arrow misses the hound.
The ogre hits you with a +0 giant spiked club!
The hound completely misses you.
You shoot an arrow. The arrow hits the hound!
You kill the hound!
The ogre hits you with a +0 giant spiked club!
You shoot an arrow. The arrow hits the ogre.
The ogre is lightly wounded.
You block the ogre's attack.
You shoot an arrow. The arrow hits the ogre!
The ogre is moderately wounded.
You shoot an arrow. The arrow hits the ogre!
The ogre is heavily wounded.
The ogre closely misses you.
You shoot an arrow. The arrow hits the ogre.
The ogre is severely wounded.
The ogre misses you.
You shoot an arrow. The arrow hits the ogre.
The ogre is severely wounded.
You shoot an arrow. The arrow barely misses the ogre.
The ogre hits you with a +0 giant spiked club!!
Ouch! That really hurt!
You die...

......... .......
#........ .... .....
.#..... .... .#.....
#. #..# .#.....
.##.##O.##.......
.$.....@#........
#.................
##.................
#..................
...................
...................
...........##......
#..................
.####......).##.......


You could see an ogre.

Vanquished Creatures
  An ogre (D:5)
  Blork the orc (D:4)
  A scorpion (D:5)
  A hound (D:5)
  Jessica (D:3)
  A sleepcap (D:4)
  An iguana (D:5)
  6 adders
  3 gnolls (D:4)
  An ufetubus (D:4)
  2 worms (D:4)
  4 dart slugs
  5 orcs (D:3)
  6 ball pythons
  8 endoplasms
  A giant cockroach (D:1)
  6 hobgoblins
  3 jackals (D:3)
  9 kobolds
  4 quokkas
  6 bats
  3 frilled lizards
  5 goblins
  8 rats
87 creatures vanquished.

Notes
Turn   | Place    | Note
-------+----------+-------------------------------------------
     0 | D:1      | qw the Deep Elf Hunter began the quest for the Orb.
     0 | D:1      | Reached XP level 1. HP: 12/12 MP: 3/3
     0 | D:1      | 0 ||| qw: Version: 0.3-a-22-g0ed2b0b
     0 | D:1      | 0 ||| qw: Game counter: 6007
     0 | D:1      | 0 ||| qw: Melee chars always use a shield: true
     0 | D:1      | 0 ||| qw: God list: Okawaru
     0 | D:1      | 0 ||| qw: Allow faded altars: false
     0 | D:1      | 0 ||| qw: Do Orc after clearing Dungeon:15 true
     0 | D:1      | 0 ||| qw: Do second Lair branch before Depths: true
     0 | D:1      | 0 ||| qw: Lair rune preference: random
     0 | D:1      | 0 ||| qw: Goals: Normal
     0 | D:1      | 0 ||| PLANNING D:1-11
   124 | D:1      | Reached skill level 6 in Ranged Weapons
   124 | D:1      | Reached XP level 2. HP: 16/16 MP: 4/4
   421 | D:1      | Reached XP level 3. HP: 20/20 MP: 5/5
   427 | D:1      | 427 ||| UPGRADING to amulet of reflection.
   432 | D:1      | 432 ||| UPGRADING to +5 ring of evasion.
   433 | D:1      | 433 ||| READING scroll labelled PUKHOF ANAUR.
   434 | D:1      | 434 ||| READING 2 scrolls labelled FEDOEP WAUKHLU.
   437 | D:1      | 437 ||| READING scroll labelled VOZ QAONEXT.
   438 | D:1      | 438 ||| DROPPING scroll of butterflies.
   547 | D:2      | Reached skill level 7 in Ranged Weapons
   549 | D:2      | Found a faded altar of an unknown god.
   870 | D:2      | 870 ||| UPGRADING to +3 ring mail.
   880 | D:2      | 880 ||| DROPPING +0 leather armour.
   881 | D:2      | 881 ||| READING scroll labelled HEULOA HUKKOI.
   882 | D:2      | 882 ||| READING scroll labelled CAT UKUGIEMILA.
   883 | D:2      | 883 ||| DRINKING 2 amethyst potions.
   884 | D:2      | 884 ||| DROPPING potion of degeneration.
   942 | D:3      | 942 ||| FLEEEEING.
   943 | D:3      | 943 ||| FLEEEEING.
  1324 | D:3      | Reached XP level 4. HP: 25/25 MP: 6/6
  1480 | D:3      | Reached skill level 8 in Ranged Weapons
  1553 | D:3      | Noticed Jessica
  1558 | D:3      | Killed Jessica
  1589 | D:3      | Reached XP level 5. HP: 29/29 MP: 7/7
  1795 | D:3      | 1795 ||| READING scroll labelled EFAJOV SOAN.
  1796 | D:3      | 1796 ||| READING scroll labelled TEBLAKKEPT.
  1798 | D:3      | 1798 ||| Stepping ~*~*~tactically~*~*~ (cloud).
  2143 | D:4      | Reached skill level 9 in Ranged Weapons
  2233 | D:4      | Noticed Blork the orc
  2243 | D:4      | Killed Blork the orc
  2244 | D:4      | Reached XP level 6. HP: 36/36 MP: 8/8
  2730 | D:4      | 2730 ||| UPGRADING to ring of poison resistance.
  2731 | D:4      | 2731 ||| READING scroll labelled MIVUOCOUHI.
  2732 | D:4      | 2732 ||| READING scroll labelled DEADIUSIEC.
  2733 | D:4      | 2733 ||| READING scroll labelled DOKHAURCH XUBLE.
  2796 | D:4      | 2796 ||| READING 2 scrolls of identify.
  2796 | D:4      | 2796 ||| IDENTIFYING metallic green potion
  2797 | D:4      | 2797 ||| DROPPING potion of berserk rage.
  2806 | D:5      | Entered Level 5 of the Dungeon
  2844 | D:5      | Reached skill level 10 in Ranged Weapons
  2872 | D:5      | Reached skill level 3 in Dodging
  2958 | D:5      | Demolished by an ogre

Levels and vault maps discovered:
D:1:      minmay_arrival_up_and_down, layout_rooms, st_stairs_4
D:2:      layout_rooms, serial_glass, glass_columns_a, glass_columns_a,
          glass_columns_a, glass_columns_c, glass_columns_a, glass_columns_c,
          glass_columns_a, glass_columns_b, dreamdust_ecumenical_altar_statues,
          kennysheep_generic_room_12
D:3:      minmay_bubble_buster, layout_basic, minivault_27, uniq_jessica
D:4:      layout_basic, uniq_blork_the_orc
D:5:      layout_cave_pools, fedhas_altar_2, minmay_temple_entry_glassed_door

Skill      XL: |  1  2  3  4  5  6 |
---------------+-------------------+-----
Ranged Weapons | 6 7 8 9 10 | 10.1
Fighting       | 2 |  2.5
Dodging        | 3 |  3.4
Stealth        | |  1.2

Action                     |  1- 3 |  4- 6 || total
---------------------------+-------+-------++-------
   Fire: Shortbow          |   142 |   185 ||   327
    Use: Scroll            |     5 |     6 ||    11
         Potion            |     1 |       ||     1
 Armour: Leather armour    |     6 |       ||     6
         Ring mail         |    11 |    24 ||    35
  Dodge: Dodged            |    36 |    61 ||    97
  Block: Other             |    14 |    26 ||    40
         Reflection        |     1 |       ||     1

Table legend:
 A = Non-vault XP
 B = Vault XP
 C = Vault XP percentage of total XP
 D = Non-vault monster count
 E = Vault monster count
 F = Vault count percentage of total count
                 A         B        C        D         E       F
            +---------+---------+-------+---------+---------+-------
      Total |     534 |     193 |  26.5 |      67 |      20 |  23.0
            +---------+---------+-------+---------+---------+-------
        D:1 |      37 |       4 |   9.8 |      21 |       2 |   8.7
        D:2 |      33 |       2 |   5.7 |      11 |       1 |   8.3
        D:3 |      57 |      87 |  60.4 |      15 |      16 |  51.6
        D:4 |     110 |     100 |  47.6 |      15 |       1 |   6.2
        D:5 |     297 |       0 |   0.0 |       5 |       0 |   0.0
            +---------+---------+-------+---------+---------+-------
